AoeStats
← fugatheband0

Nomad

510168901Analyzed
4v4 RM · 4d ago on Sep 29, 2026· 41m 33s· 8 players
Game mode
Random Map
Map size
231×231
Population
200
Speed
Normal
Resources
Standard
Victory
Conquest
Starting age
Dark Age
Ending age
Imperial Age
RankedLock teamsTeams togetherTeam positionsShared explorationLock speedFull tech treeHidden civsTurbo modeCheats
Victory
Defeat
🇩🇪 Poles · Germany
1057
+13
🇩🇪 Japanese · Germany
1041
+14
🇲🇽 Vikings · Mexico
1006
+15
🇦🇷 Mongols · Argentina
945
+17
🇵🇱 Turks · Poland
1029
-17
🇩🇪 Japanese · Germany
978
-14
🇹🇷 Teutons · Türkiye
975
-14
🇩🇪 Persians · Germany
969
-14
Soldier
5:08 Loom
18:57 Feudal Age
19:24 Horse Collar
19:35 Double-Bit Axe
20:27 Wheelbarrow
24:26 Fishing Lines
28:40 Castle Age
27:30 Stone Mining
27:30 Gold Mining
29:52 Hand Cart
31:26 Bow Saw
32:35 Heavy Plow
34:16 Gillnets
37:44 Forging
37:35 Scale Mail Armor
37:40 Scale Barding Armor
42:37 Imperial Age
GreatKnot19365
6:32 Loom
11:59 Loom
15:51 Feudal Age
22:31 Castle Age
21:42 Double-Bit Axe
Jeanne d'Arc
7:10 Loom
15:01 Feudal Age
22:09 Castle Age
20:45 Double-Bit Axe
20:52 Gold Mining
20:53 Stone Mining
21:09 Horse Collar
25:27 Gold Shaft Mining
25:12 Bow Saw
26:23 Heavy Plow
30:04 Wheelbarrow
30:40 Pikeman
36:00 Imperial Age
40:22 Ballistics
ButterMyHead
14:24 Feudal Age
20:21 Castle Age
18:57 Stone Mining
24:05 Forging
30:35 Loom
39:38 Gold Mining
41:01 Wheelbarrow
41:13 Horse Collar
41:05 Crossbowman
fugatheband0
10:33 Loom
17:00 Feudal Age
19:45 Double-Bit Axe
24:53 Town Watch
29:05 Castle Age
28:22 Padded Archer Armor
28:12 Fletching
27:47 Man-at-Arms
30:29 Bodkin Arrow
30:53 Medium Warships
31:07 Long Swordsman
31:10 Elite Skirmisher
33:59 Leather Archer Armor
35:35 Pikeman
35:57 Crossbowman
not.matiasz
4:56 Loom
11:06 Feudal Age
20:12 Castle Age
20:15 Crossbowman
21:03 Fletching
22:41 Bodkin Arrow
29:05 Thumb Ring
32:46 Wheelbarrow
33:29 Double-Bit Axe
38:58 Imperial Age
38:04 Padded Archer Armor
38:57 Ballistics
39:45 Bracer
40:51 Arbalester
corinna22222
5:32 Loom
17:17 Feudal Age
18:54 Double-Bit Axe
20:10 Horse Collar
23:24 Fishing Lines
23:55 Man-at-Arms
26:20 Wheelbarrow
29:57 Castle Age
27:54 Stone Mining
27:56 Gold Mining
30:25 Pikeman
31:50 Hand Cart
33:04 Arson
34:17 Squires
38:01 Bow Saw
38:25 Forging
38:16 Scale Mail Armor
40:40 Iron Casting
42:10 Bloodlines
Gelbe Wand
4:53 Loom
15:26 Feudal Age
18:16 Bloodlines
22:15 Forging
27:42 Castle Age
30:23 Szlachta Privileges
30:01 Horse Collar
30:09 Double-Bit Axe
30:59 Gold Mining
40:03 Heavy Plow
41:08 Bow Saw
Connection lost

Rejoining the realm…

Still unreachable

The connection could not be restored.

Session expired

The server has moved on; the page needs a fresh start.